Map: Traitor's Exile

Players

Zingablerat

  • Race: Zerg Zerg
  • Spawn Location: 12:00

Alcibiade

  • Race: Protoss Protoss
  • Spawn Location: 9:00

ILIEKEGGPIE

  • Race: Protoss Protoss
  • League: Platinum
  • Spawn Location: 6:00

Diamanty

  • Race: Terran Terran
  • Spawn Location: 5:00

VOD

Have the link to the VOD?

Description

Time

  • Played on: April 11, 2018, 6:08 p.m.
  • Length: 11:43
Show
View Real Time Build Order
Export as new Build Order

Zingablerat Zerg 

Build Orders: Hatch First 

Get SALT Encoding   

  12  0:27  Drone x2  
  14  0:32  Overlord  
  14  0:53  Drone  
  14  0:54  Drone  
  16  1:01  Drone  
  17  1:05  Extractor  
  16  1:14  Drone  
  16  1:17  Hatchery  
  16  1:22  Spawning Pool  
  15  1:30  Drone  
  16  1:33  Drone  
  17  1:45  Drone  
  18  1:55  Drone  
  19  2:18  Drone x2  
  21  2:28  Queen  
  23  2:30  Overlord  
  23  2:34  Queen  
  25  2:37  Drone  
  25  2:42  Drone  
  27  3:27  Drone  
  27  3:28  Drone x2  
  30  3:50  Drone x3  
  30  3:52  Drone x2  
  35  4:02  Zergling x2  
  36  4:04  Metabolic Boost  
  36  4:06  Burrow  
  36  4:07  Overlord x3  
  37  4:38  Zergling x2  
  37  4:39  Zergling x18  
  46  4:48  Extractor  
  46  4:52  Evolution Chamber  
  44  5:04  Zergling x18  
  53  5:32  Zergling x2  
  53  5:33  Zergling x12  
  58  5:49  Zergling x4  
  42  6:16  Zergling x2  
  42  6:17  Zergling x16  
  49  6:32  Lair  
  43  6:35  Zerg Melee Weapons Level 1  
  42  6:44  Drone  
  42  6:45  Drone x4  
  47  6:48  Extractor  
  47  6:51  Extractor  
  45  7:10  Drone x4  
  45  7:11  Drone x5  
  54  7:29  Lair  
  46  7:38  Hydralisk Den  
  44  7:47  Infestation Pit  
  43  8:09  Spire  
  42  8:13  Hydralisk x3  
  42  8:16  Hydralisk  
  42  8:17  Hydralisk x5  
  60  8:27  Overlord x3  
  60  8:29  Zerg Missile Weapons Level 1  
  60  8:32  Overlord  
  60  8:35  Grooved Spines  
  60  8:46  Hydralisk x2  
  60  8:47  Hydralisk  
  66  8:49  Hydralisk x2  
  70  9:21  Drone x6  
  76  9:33  Hydralisk  
  76  9:34  Hydralisk x2  
  76  9:38  Hydralisk x3  
  82  9:41  Hatchery  
  87  9:46  Muscular Augments  
  87  10:06  Extractor  
  86  10:08  Extractor  
  85  10:18  Hydralisk  
  85  10:19  Hydralisk x2  
  91  10:23  Overlord x2  
  91  10:24  Overlord  
  91  10:52  Hydralisk  
  91  10:53  Hydralisk x12  
Show
View Real Time Build Order
Export as new Build Order

Alcibiade Protoss 

Build Orders:  

Get SALT Encoding   

  12  0:25  Probe  
  13  0:37  Probe  
  13  0:38  Pylon  
  14  0:49  Probe  
  15  1:01  Gateway, Probe  
  16  1:11  Assimilator  
  16  1:13  Probe  
  16  1:16  Assimilator  
  17  1:25  Probe  
  18  1:34  Pylon  
  18  1:37  Probe  
  19  1:49  Probe  
  19  1:52  Zealot  
  22  1:55  Pylon  
  22  2:01  Probe  
  23  2:13  Probe  
  24  2:19  Zealot  
  26  2:26  Probe  
  27  2:37  Nexus  
  27  2:38  Probe  
  28  2:47  Zealot  
  28  2:50  Probe  
  31  3:11  Probe  
  32  3:24  Probe  
  33  3:32  Zealot  
  35  3:36  Probe  
  36  3:49  Gateway  
  36  3:59  Zealot  
  38  4:29  Pylon  
  38  4:39  Gateway  
  38  4:41  Zealot  
  38  4:42  Zealot  
  42  4:51  Cybernetics Core  
  42  4:52  Probe, Forge  
  43  5:00  Pylon  
  43  5:03  Pylon  
  43  5:04  Probe  
  44  5:08  Zealot  
  44  5:09  Zealot  
  48  5:16  Probe  
  43  5:28  Probe  
  43  5:29  Sentry  
  41  5:36  Zealot  
  41  5:41  Probe  
  41  5:56  Stalker, Sentry  
  43  6:03  Sentry  
  39  6:26  Stalker  
  37  6:56  Probe  
  36  7:02  Photon Cannon  
  36  7:06  Pylon  
  32  7:08  Probe x2  
  32  7:13  Stalker  
  36  7:20  Probe  
  36  7:21  Probe  
  38  7:33  Probe x2  
  40  7:45  Probe x2  
  42  7:57  Probe x2  
  43  8:09  Probe x2  
  45  8:18  Stalker x3  
  51  8:21  Probe  
  52  8:33  Probe  
  53  8:45  Probe  
  53  8:47  Photon Cannon  
  54  8:57  Probe  
  55  9:03  Pylon  
  55  9:04  Zealot x2  
  55  9:05  Zealot  
  55  9:09  Probe  
  62  9:21  Protoss Ground Weapons Level 1, Probe  
  63  9:31  Zealot x2  
  63  9:32  Zealot  
  69  9:48  Twilight Council  
  60  9:58  Zealot  
  60  9:59  Zealot x2  
  51  10:13  Probe  
  51  10:25  Probe  
  52  10:31  Stalker  
  52  10:32  Stalker  
  56  10:37  Probe  
  57  10:49  Probe  
  58  11:01  Probe  
  59  11:13  Probe  
  48  11:25  Probe  
Show
View Real Time Build Order
Export as new Build Order

ILIEKEGGPIE Protoss 

Build Orders: Oracle Opening 

Get SALT Encoding   

  12  0:01  Probe  
  13  0:13  Probe (Chrono Boost)  
  14  0:24  Probe (Chrono Boost)  
  14  0:27  Pylon  
  15  0:45  Probe  
  16  0:57  Probe  
  17  1:08  Gateway  
  17  1:09  Probe  
  18  1:22  Assimilator  
  18  1:28  Gateway  
  18  1:32  Probe  
  19  1:34  Assimilator  
  19  1:43  Pylon  
  19  1:44  Probe  
  20  1:58  Probe  
  21  2:05  Cybernetics Core  
  21  2:18  Probe (Chrono Boost)  
  21  2:22  Pylon  
  22  2:27  Probe (Chrono Boost)  
  23  2:32  Probe (Chrono Boost)  
  24  2:41  Stargate  
  24  2:51  Stargate  
  24  2:54  Adept  
  26  3:19  Pylon  
  26  3:41  Warp Gate (Chrono Boost)  
  26  3:42  Nexus  
  26  3:43  Pylon  
  26  3:49  Oracle (Chrono Boost)  
  26  3:53  Probe  
  30  3:57  Adept x2  
  34  4:10  Oracle (Chrono Boost)  
  36  4:32  Adept x2  
  40  4:53  Probe (Chrono Boost)  
  40  4:59  Adept  
  43  5:01  Oracle  
  43  5:03  Probe (Chrono Boost)  
  47  5:08  Probe (Chrono Boost)  
  48  5:16  Probe, Pylon  
  48  5:19  Probe  
  50  5:28  Probe  
  51  5:31  Probe  
  52  5:40  Probe  
  47  5:54  Zealot x2  
  49  6:05  Oracle  
  49  6:06  Oracle  
  51  6:36  Zealot x2  
  51  6:37  Probe x2  
  57  6:40  Assimilator  
  57  6:43  Gateway x2  
  57  6:45  Assimilator, Gateway  
  57  6:49  Probe  
  58  6:56  Oracle (Chrono Boost)  
  58  6:57  Oracle (Chrono Boost)  
  64  7:15  Stalker x2  
  64  8:01  Nexus  
  64  8:03  Pylon  
  64  8:05  Pylon  
  64  8:14  Robotics Facility  
  64  8:18  Gateway  
  64  8:19  Gateway  
  64  8:21  Probe  
  65  8:28  Stalker  
  65  8:29  Stalker x2  
  65  8:30  Stalker  
  65  8:32  Stalker  
  65  8:33  Probe  
  76  8:49  Robotics Facility, Probe  
  77  8:56  Pylon  
  77  9:00  Pylon  
  77  9:01  Probe  
  78  9:13  Probe  
  79  9:18  Probe  
  79  9:20  Stalker  
  82  9:25  Probe  
  82  9:30  Probe  
  84  9:37  Probe  
  85  9:43  Probe  
  86  9:49  Probe  
  87  10:11  Stalker x5  
  94  10:16  Robotics Bay  
  94  10:48  Nexus  
  94  10:50  Pylon  
  94  10:56  Pylon  
  98  11:01  Immortal (Chrono Boost)  
  98  11:02  Immortal (Chrono Boost)  
Show
View Real Time Build Order
Export as new Build Order

Diamanty Terran 

Build Orders:  

Get SALT Encoding   

  12  0:18  Supply Depot  
  12  0:19  SCV  
  13  0:32  SCV  
  14  0:40  Supply Depot  
  14  0:44  SCV  
  15  0:56  Barracks  
  15  1:03  Supply Depot  
  15  1:34  SCV  
  16  1:44  Refinery  
  16  1:46  SCV  
  17  1:53  Marine  
  17  1:54  Refinery  
  18  1:58  SCV  
  19  2:10  SCV  
  19  2:11  Marine  
  21  2:22  SCV  
  22  2:29  Marine  
  23  2:39  SCV  
  23  2:40  Command Center  
  24  2:46  Marine  
  25  2:51  Barracks, SCV  
  25  3:04  Marine  
  25  3:37  Marine  
  26  3:43  Barracks Reactor  
  25  3:50  Factory  
  25  3:55  Marine  
  25  3:58  Refinery  
  25  3:59  SCV  
  26  4:03  Orbital Command  
  26  4:11  SCV  
  26  4:12  Marine  
  26  4:13  Engineering Bay  
  28  4:24  SCV  
  29  4:30  Marine  
  30  4:36  SCV  
  30  4:38  Starport  
  31  4:39  Marine x2  
  33  4:48  Marine, SCV  
  35  4:53  Factory Tech Lab  
  35  4:57  Marine x2  
  37  5:05  Planetary Fortress  
  37  5:13  SCV  
  38  5:15  Marine x2  
  38  5:20  Refinery  
  40  5:25  SCV, Missile Turret  
  41  5:31  Starport Reactor  
  41  5:33  Marine x2  
  43  5:36  Starport  
  43  5:37  SCV  
  44  5:43  Barracks Tech Lab  
  44  5:46  Missile Turret  
  44  5:49  SCV  
  41  6:01  SCV  
  38  6:14  Marine x2  
  38  6:18  Siege Tank  
  37  6:20  Marine  
  38  6:32  Marine x2  
  40  6:38  Marine  
  37  6:49  Marine x2  
  36  6:56  Marine  
  32  7:07  Marine x2  
  33  7:10  SCV  
  33  7:14  Marine  
  35  7:17  SCV  
  35  7:22  SCV  
  37  7:29  Starport Reactor, SCV  
  38  7:32  Marine  
  38  7:34  SCV  
  40  7:38  Missile Turret  
  40  7:42  Medivac x2  
  44  7:46  SCV  
  44  7:48  Missile Turret  
  45  7:58  SCV  
  46  8:08  Supply Depot  
  46  8:25  Supply Depot  
  46  8:30  SCV, Siege Tank  
  46  8:33  Supply Depot  
  50  8:42  SCV  
  50  8:45  Viking  
  50  8:47  Supply Depot, Viking  
  55  8:51  Marine x2  
  55  8:54  SCV  
  58  8:57  Supply Depot  
  58  9:02  Siege Tank  
  61  9:06  SCV  
  61  9:09  Marine x2  
  64  9:15  Viking  
  66  9:17  Viking  
  66  9:18  SCV  
  66  9:19  Supply Depot  
  69  9:26  Armory, Marine x2  
  69  9:30  SCV  
  72  9:39  Combat Shields  
  72  9:43  SCV  
  72  9:44  Marine  
  74  9:45  Viking  
  74  9:47  Viking  
  74  9:48  Siege Tank  
  81  9:56  Medivac x2  
  85  10:01  Marine  
  85  10:02  Marine  
  87  10:07  Marine  
  88  10:15  Viking  
  88  10:17  Viking  
  88  10:19  Marine  
  88  10:20  Marine  
  94  10:55  Supply Depot  
  94  11:16  Marine x3  
  94  11:17  Supply Depot  
Tags
 
Add a new tag
Caveats
  • Supply blocks, unpowered buildings, or Contaminate may cause inaccurate times.
  • Supply counts are checked every 10 seconds.